 Dungeon Crawl Stone Soup version 0.26.1-2-gb8aa6d0cf2 (webtiles) character file.

Game seed: 5355411646763631344

112 CryoSword the Skirmisher (level 5, -7/42 HPs)
             Began as a Formicid Abyssal Knight on Feb 16, 2021.
             Was a Follower of Lugonu.
             Mangled by an ogre
             ... wielding a +0 giant club
              (18 damage)
             ... on level 3 of the Dungeon.
             The game lasted 00:04:43 (2990 turns).

CryoSword the Skirmisher (Formicid Abyssal Knight)  Turns: 2990, Time: 00:04:44

Health: -7/42      AC:  3    Str: 17    XL:     5   Next: 16%
Magic:  7/7        EV: 11    Int: 12    God:    Lugonu [*.....]
Gold:   131        SH:  0    Dex: 10    Spells: 4/4 levels left

rFire    . . .     SeeInvis +   r - +3 short sword
rCold    . . .     Faith    .   (no shield)
rNeg     . . .     Spirit   .   b - +0 leather armour
rPois    .         Reflect  .   (helmet unavailable)
rElec    .         Harm     .   (no cloak)
rCorr    .         Rampage  .   (no gloves)
Will     .....                  (no boots)
Stlth    ++........             k - amulet of the acrobat
HPRegen  0.14/turn              (no ring)
MPRegen  0.10/turn              (no ring)

@: no status effects
A: permanent stasis, dig shafts and tunnels, four strong arms, antennae 3
a: Dig, Shaft Self, Renounce Religion, Depart the Abyss


You were on level 3 of the Dungeon.
You worshipped Lugonu.
Lugonu was aware of your devotion.
You visited 1 branch of the dungeon, and saw 3 of its levels.
You visited the Abyss 1 time.

You collected 131 gold pieces.

Inventory:

Hand Weapons
 r - a +3 short sword (weapon)
   (You took it off a kobold on level 2 of the Dungeon)
Missiles
 m - 12 bolts
 n - 4 atropa-tipped darts
 q - 58 stones (quivered)
Armour
 b - a +0 leather armour (worn)
Jewellery
 g - an uncursed ring of magical power {unknown}
   (You found it on level 1 of the Dungeon)
 h - a cursed ring of attention {unknown}
   (You found it on level 1 of the Dungeon)
 k - an amulet of the acrobat (around neck)
   (You found it on level 2 of the Dungeon)
 p - an uncursed ring of fire {unknown}
   (You found it on level 2 of the Dungeon)
Scrolls
 c - 3 scrolls of remove curse {@r2}
 e - a scroll of fog {unknown}
 j - a scroll of enchant armour {unknown}
 o - a scroll of teleportation {unknown}
Potions
 a - a potion of haste {unknown}
 d - a potion of degeneration {unknown}
 f - a potion of magic {unknown}
 i - a potion of curing {@q1}


   Skills:
 + Level 4.1 Fighting
 - Level 2.0 Polearms
 - Level 2.1 Armour
 - Level 0.8 Dodging
 * Level 4.0 Stealth
 + Level 3.4 Invocations


You had 4 spell levels left.
You didn't know any spells.
Your spell library was empty.

Dungeon Overview and Level Annotations

Branches:
Dungeon (3/15)

Altars:


Innate Abilities, Weirdness & Mutations

You cannot be hasted, slowed, berserked, paralysed or teleported.
You can dig through walls and to a lower floor.
Your four strong arms can wield two-handed weapons with a shield.
You have a pair of large antennae on your head. (SInv)


Message History

You hit the leopard gecko. The leopard gecko bites you.
You closely miss the leopard gecko. The leopard gecko bites you. x2
You hit the leopard gecko.
You kill the leopard gecko!
Lugonu accepts your kill.
No target in view!
No target in view!
An orc comes into view. It is wielding a +0 falchion.
The orc moves out of view.
The orc shouts!
You sense a monster nearby.
An orc is nearby!
An orc is nearby!
An orc comes into view. It is wielding a +0 flail.
An orc comes into view. It is wielding a +0 trident.
The orc misses you.
A goblin comes into view. It is wielding a +0 club.
The goblin shouts!
The orc shouts! x2
You hit the orc. The orc hits you with a +0 falchion.
A goblin comes into view.
You hit the orc. The orc hits you but does no damage.
You hit the orc.
You kill the orc!
Lugonu accepts your kill.
The orc throws a boomerang.
The boomerang hits you.
The weapon returns to the orc!
You hit the goblin.
You kill the goblin!
Lugonu accepts your kill.
The orc throws a boomerang.
The boomerang hits you but does no damage.
The weapon returns to the orc!
The orc hits you from afar with a +0 trident.
A kobold comes into view. It is wielding a +0 short sword.
The kobold shouts!
The orc throws a boomerang.
The boomerang completely misses you.
The weapon returns to the orc!
The orc completely misses you.
Things that are here:
a +0 club; a +0 falchion; a goblin corpse You hit the orc.
The orc closely misses you.
You closely miss the orc. The orc closely misses you.
The orc hits you but does no damage.
You hit the orc. The orc closely misses you.
The orc hits you but does no damage.
The orc throws a boomerang.
The boomerang closely misses you.
The weapon returns to the orc!
The orc barely misses you.
There is a stone staircase leading up here.
The orc hits you from afar with a +0 trident!
You climb upwards.
There is a stone staircase leading down here.
You see here 15 arrows.
There is a stone staircase leading down here.
You start resting.
You climb downwards.
There is a stone staircase leading up here.
An orc wizard is nearby!
A rat comes into view.
The orc wizard shouts!
The orc wizard casts a spell at you. The magic dart hits you!
The orc wizard closely misses you.
You hit the orc wizard but do no damage.
The orc wizard barely misses you.
You barely miss the orc wizard. The rat closely misses you.
The orc wizard casts a spell at you. The magic dart hits you.
You hit the orc wizard. The rat barely misses you.
The orc wizard hits you but does no damage.
You closely miss the orc wizard. The rat barely misses you.
The orc wizard hits you but does no damage.
The rat barely misses you.
You hit the orc wizard.
The orc wizard points at you and mumbles some strange words.
The magic dart hits you!
* * * LOW HITPOINT WARNING * * *
The rat bites you but does no damage.
You are too injured to fight recklessly!
You are too injured to fight recklessly!
You are too injured to fight recklessly!
You puncture the orc wizard!
You kill the orc wizard!
Lugonu accepts your kill. The rat bites you but does no damage.
Your Fighting skill increases to level 4!
Your Stealth skill increases to level 4!
You have reached level 5!
You hit the rat.
You kill the rat!
Lugonu accepts your kill.
You see here a rat corpse.
There is a stone staircase leading up here.
You climb upwards.
There is a stone staircase leading down here.
You start resting.
You climb downwards.
There is a stone staircase leading up here.
Things that are here:
a +0 robe; a +0 dagger; an orc corpse
Found 18 stones.
A kobold is nearby!
The kobold hits you with a cursed +0 short sword.
You hit the kobold.
You kill the kobold!
Lugonu accepts your kill.
No target in view!
No target in view!
A hobgoblin comes into view.
The hobgoblin shouts!
Found a stone staircase leading down.
Things that are here:
a cursed +0 short sword; a kobold corpse A hobgoblin is nearby!
A hobgoblin is nearby!
The hobgoblin misses you.
You closely miss the hobgoblin. The hobgoblin hits you.
You hit the hobgoblin. The hobgoblin barely misses you. The hobgoblin hits you.
You hit the hobgoblin. The hobgoblin barely misses you.
You puncture the hobgoblin!
You kill the hobgoblin!
Lugonu accepts your kill.
No target in view!
Things that are here:
a cursed +0 short sword; a kobold corpse You sense a monster nearby.
A bat comes into view.
A bat is nearby!
A bat is nearby!
A bat is nearby!
A kobold and an ogre come into view.
The kobold shouts!
The kobold closely misses you.
You hit the kobold. The kobold barely misses you.
You barely miss the kobold. The kobold hits you with a +0 club.
You closely miss the kobold.
A hobgoblin comes into view. It is wielding a +0 club.
The kobold hits you but does no damage.
You closely miss the kobold. The kobold hits you but does no damage.
The ogre hits you with a +0 giant club!!
Ouch! That really hurt!
* * * LOW HITPOINT WARNING * * *
The hobgoblin shouts!
Unknown command.
You completely miss the kobold. The kobold hits you with a +0 club.
* * * LOW HITPOINT WARNING * * *
You hit the kobold.
You kill the kobold!
Lugonu accepts your kill.
The ogre hits you with a +0 giant club!!
You die...

... #.#
#..##........o..
... #.#
##.......###.###
... #.#
###....#..#..# ##.
#.###....#.##....#
.#
#.#....###รท###.#.#
... ..## #...####
#.# #.#..# ...
.....##...# #.#
#.##... ...
.##.....#### #.#
#.# ### ..
........O@).# #.#
#.#
#.##..##.##.......
... #.# #.# ......
... b.{ ... ##g.
..# ..##. # ..# #..
# .. ... ..#.


You could see an ogre and a hobgoblin.

Vanquished Creatures
  An orc wizard (D:3)
  2 adders (D:2)
  An ooze (D:2)
  A worm (D:2)
  A leopard gecko (D:3)
  An orc (D:3)
  2 giant cockroaches (D:1)
  6 goblins
  9 hobgoblins
  A quokka (D:2)
  11 bats
  2 frilled lizards (D:2)
  10 kobolds
  8 rats
56 creatures vanquished.

Notes
Turn   | Place    | Note
-------+----------+-------------------------------------------
     0 | Abyss:1  | CryoSword the Formicid Abyssal Knight began the quest for
                  | the Orb.
     0 | Abyss:1  | Reached XP level 1. HP: 18/18 MP: 2/2
    43 | Abyss:1  | Noticed a small abomination
    55 | Abyss:1  | Found a corrupted altar of Lugonu.
   125 | Abyss:1  | Noticed a starcursed mass
   129 | D:1      | Escaped the Abyss
   357 | D:1      | Reached skill level 1 in Stealth
   364 | D:1      | Reached XP level 2. HP: 18/24 MP: 3/3
   651 | D:1      | Reached * piety under Lugonu
  1121 | D:2      | Reached XP level 3. HP: 29/29 MP: 3/5
  1765 | D:2      | Reached XP level 4. HP: 14/37 MP: 6/6
  2719 | D:3      | Reached XP level 5. HP: 20/42 MP: 7/7
  2982 | D:3      | Noticed an ogre
  2990 | D:3      | Mangled by an ogre

Illustrated notes

Levels and vault maps discovered:
D:1:      wander_arrival_fairy_ring, layout_loops_ring,
          amcnicky_mini_rare_corridor_liquid
D:2:      layout_basic
D:3:      layout_rooms, lemuel_coloured_pillars_altar,
          kennysheep_decorative_pillar

Skill      XL: |  1  2  3  4 |
---------------+-------------+-----
Stealth        | 1 2 3 4 |  4.0
Invocations    | 3 |  3.4
Fighting       | 4 |  4.1
Polearms       | |  2.0
Armour         | |  2.1
Dodging        | |  0.8

Action                   |  1- 3 |  4- 6 || total
-------------------------+-------+-------++-------
Melee: Spear             |   112 |       ||   112
       Short sword       |    10 |    54 ||    64
Throw: Stone             |       |     1 ||     1
Invok: Depart the Abyss  |     1 |       ||     1
 Abil: Dig               |       |     1 ||     1
  Use: Scroll            |     1 |     3 ||     4
       Potion            |     1 |     1 ||     2
 Stab: Sleeping          |     6 |       ||     6
Armor: Leather armour    |    28 |    14 ||    42
Dodge: Dodged            |    55 |    40 ||    95
